[Event "Titled Tuesday Blitz May 9 Late 2023"]
[White "Bilan, Danila"]
[Black "Schmakel, Sam"]
[WhiteFideId "24161918"]
[BlackFideId "2039311"]
[WhiteElo "2182"]
[BlackElo "2356"]
[Result "0-1"]
[Round "05"]
[TimeControl "180+2"]
[Date "2023.05.09"]
[WhiteClock "0:00:02"]
[BlackClock "0:00:52"]

1. d4 d5 2. Nf3 e6 3. c4 c6 4. Nbd2 Nf6 5. e3 Nbd7 6. Bd3 Bd6 7. e4 dxe4 8. Nxe4 Nxe4 9. Bxe4 Nf6 10. Bc2 c5 11. O-O O-O 12. Bg5 h6 13. Bh4 cxd4 14. Qxd4 Be7 15. Rfd1 Qxd4 16. Rxd4 b6 17. Be4 Nxe4 18. Bxe7 Re8 19. Rxe4 Rxe7 20. Rd4 Bb7 21. Ne5 f6 22. Ng6 Rc7 23. Rad1 Kf7 24. Rd7+ Rxd7 25. Rxd7+ Kxg6 26. Rxb7 Rd8 27. g3 Rd2 28. Rxa7 Rxb2 29. Rb7 Rxa2 30. Rxb6 e5 31. Rc6 Kf5 32. Rc7 g5 33. Rh7 Kg6 34. Rc7 h5 35. c5 Kf5 36. Rc8 Rc2 37. c6 h4 38. gxh4 gxh4 39. c7 h3 40. Kf1 Ke4 41. Rh8 Rxc7 42. Rxh3 f5 43. Re3+ Kf4 44. Kg2 e4 45. Rg3 Rc2 46. Re3 Ke5 47. Ra3 Rb2 48. Ra5+ Kf4 49. Ra3 Kg4 50. Rg3+ Kh5 51. Rh3+ Kg5 52. Rg3+ Kf6 53. Ra3 f4 54. Ra6+ Kf5 55. Ra5+ Kg4 56. Kg1 Kf3 57. Ra3+ e3 58. fxe3 fxe3 59. h4 Rb4 60. Rc3 Rxh4 61. Rc8 Rg4+ 62. Kf1 e2+ 63. Ke1 Rg1+ 64. Kd2 e1=Q+ 0-1


[Site "https://www.chess.com"]

[Event "Titled Tuesday Blitz May 9 Late 2023"]
[White "Vakhlamov, Igor L."]
[Black "Rodriguez Fontecha, Marcos"]
[WhiteFideId "24126748"]
[BlackFideId "2256576"]
[WhiteElo "2407"]
[BlackElo "2249"]
[Result "0-1"]
[Round "05"]
[TimeControl "180+2"]
[Date "2023.05.09"]
[WhiteClock "0:00:01"]
[BlackClock "0:00:26"]

1. e4 e6 2. d4 c5 3. Nc3 cxd4 4. Qxd4 Nc6 5. Qd3 Nf6 6. Nf3 Bb4 7. Bd2 Qb6 8. a3 Be7 9. Qb5 d5 10. Qxb6 axb6 11. exd5 exd5 12. Bd3 Bg4 13. O-O Bxf3 14. gxf3 Ne5 15. Bb5+ Kf8 16. Kg2 Ng6 17. Rfe1 Nh4+ 18. Kg3 Nf5+ 19. Kh3 Nd4 20. Bd3 Nxf3 21. Re2 Nxd2 22. Rxd2 g6 23. Re1 Rc8 24. Bf1 Bxa3 25. Nxd5 Bxb2 26. Rb1 Nxd5 27. Rxb2 Rc3+ 28. Kg2 Rc5 29. c4 Nf4+ 30. Kf3 Rf5 31. Rd8+ Kg7 32. Rxh8 Kxh8 33. Ke4 Rf6 34. Ke5 Kg7 35. h4 h6 36. Ke4 g5 37. hxg5 hxg5 38. f3 Re6+ 39. Kf5 Re1 40. Rf2 f6 41. Bg2 Rc1 42. Bf1 Kf7 43. Kg4 Kg6 44. Kg3 f5 45. Kh2 Kh6 46. Kg3 Kh5 47. Kh2 Kh4 48. Bg2 Rxc4 49. Rb2 b5 50. Rxb5 Rc2 51. Rxb7 Rxg2+ 52. Kh1 Rc2 53. Rg7 g4 54. fxg4 fxg4 55. Re7 Rc1+ 56. Kh2 g3# 0-1


[Site "https://www.chess.com"]

[Event "Titled Tuesday Blitz May 9 Late 2023"]
[White "Ladan, Nicholas"]
[Black "Prohaszka, Peter"]
[WhiteFideId "30918855"]
[BlackFideId "726265"]
[WhiteElo "2167"]
[BlackElo "2626"]
[Result "0-1"]
[Round "05"]
[TimeControl "180+2"]
[Date "2023.05.09"]
[WhiteClock "0:00:03"]
[BlackClock "0:00:11"]

1. d4 d5 2. Nf3 Nf6 3. Bf4 c5 4. e3 cxd4 5. exd4 Nc6 6. Bb5 Qa5+ 7. Nc3 Bg4 8. O-O Rc8 9. h3 Bxf3 10. Qxf3 e6 11. Be3 Bb4 12. Bd3 Bxc3 13. bxc3 Qxc3 14. Qg3 g6 15. Qh4 Ne4 16. Bxe4 dxe4 17. Qf6 Rg8 18. Rab1 b6 19. Rb3 Qc4 20. d5 Qxd5 21. Rc3 Qf5 22. Bg5 Qxf6 23. Bxf6 g5 24. Rd1 Rg6 25. Rxc6 Ra8 26. Be5 Rd8 27. Rxd8+ Kxd8 28. Rd6+ Ke7 29. Rc6 f6 30. Bg3 e5 31. h4 h6 32. hxg5 hxg5 33. f3 exf3 34. gxf3 Rg8 35. Rc7+ Ke6 36. Rxa7 Rc8 37. Ra6 Rc6 38. c4 Kf5 39. Kf2 Rxc4 40. Ke3 b5 41. Be1 Rc2 42. Bb4 g4 43. Be7 gxf3 44. Rxf6+ Kg4 45. Rxf3 Rc3+ 46. Ke4 Rxf3 47. Kxe5 Rf2 48. a3 Rd2 49. Bb4 Rd1 50. Ke4 Kg5 51. Ke3 Kf5 52. Bd2 Rb1 53. Kd3 Ke5 54. Kc3 Kd5 55. Bg5 Rf1 56. Be7 Kc6 57. Kb4 Rf4+ 58. Kb3 Ra4 59. Bb4 Ra6 60. Kc3 Ra4 61. Kd4 Ra8 62. Kc3 Rg8 63. Kb3 Rg3+ 64. Bc3 Kc5 65. Kb2 Kc4 66. Bb4 Rg2+ 67. Kc1 Kb3 68. Kd1 Rc2 69. Bf8 Rc4 70. Bb4 Rxb4 71. axb4 Kxb4 72. Kc1 Ka3 73. Kb1 Kb3 74. Ka1 b4 75. Kb1 Ka3 76. Ka1 b3 77. Kb1 b2 0-1


[Site "https://www.chess.com"]

[Event "Titled Tuesday Blitz May 9 Late 2023"]
[White "Goltsev, Dmitry"]
[Black "Mazurkiewicz, Michal"]
[WhiteFideId "24176710"]
[BlackFideId "1124943"]
[WhiteElo "2356"]
[BlackElo "2054"]
[Result "0-1"]
[Round "05"]
[TimeControl "180+2"]
[Date "2023.05.09"]
[WhiteClock "0:00:20"]
[BlackClock "0:00:12"]

1. e4 d6 2. Nf3 Nf6 3. Nc3 c6 4. d4 Bg4 5. a4 e6 6. h3 Bh5 7. Bd3 d5 8. e5 Nfd7 9. Bg5 Be7 10. Bxe7 Qxe7 11. O-O a6 12. Kh2 c5 13. dxc5 Qxc5 14. Qe2 Bxf3 15. gxf3 Nc6 16. f4 Qb4 17. Qd2 g6 18. Ra3 Nc5 19. Rd1 Nxd3 20. cxd3 Nd4 21. Kg2 a5 22. Rh1 O-O 23. h4 h5 24. Kh3 Kh7 25. Ra2 f6 26. Qe3 Nf5 27. Qf3 fxe5 28. Re1 Nxh4 29. Qg3 Rxf4 30. Re3 Nf5 31. Qg5 Rh4+ 32. Kg2 Rg4+ 33. Rg3 Rxg5 34. Rxg5 Qf4 35. Rg3 Nxg3 36. fxg3 Qd2+ 37. Kh3 Qxd3 38. Ra3 Qf1+ 39. Kh4 g5+ 40. Kxg5 Rg8+ 41. Kh4 Rg4+ 42. Kxh5 Qh3# 0-1


[Site "https://www.chess.com"]

[Event "Titled Tuesday Blitz May 9 Late 2023"]
[White "Nazari, Arad"]
[Black "Malicka, Maria"]
[WhiteFideId "12577324"]
[BlackFideId "1197576"]
[WhiteElo "2175"]
[BlackElo "2227"]
[Result "0-1"]
[Round "05"]
[TimeControl "180+2"]
[Date "2023.05.09"]
[WhiteClock "0:00:03"]
[BlackClock "0:00:24"]

1. e4 c5 2. Nf3 d6 3. Bb5+ Nd7 4. d4 cxd4 5. Qxd4 Nf6 6. O-O e6 7. c4 Be7 8. Nc3 O-O 9. Bxd7 Bxd7 10. a4 a6 11. b3 b5 12. Ba3 bxa4 13. Nxa4 Rb8 14. Qd3 Bc6 15. Nd2 Qc7 16. Nc3 Nd7 17. Rfb1 Rfd8 18. Qg3 a5 19. c5 Ne5 20. Nc4 Nxc4 21. bxc4 Rxb1+ 22. Rxb1 e5 23. cxd6 Bxd6 24. Nd5 Bxd5 25. Bxd6 Qxd6 26. cxd5 a4 27. Ra1 Ra8 28. Qa3 Qb6 29. g3 g6 30. Kg2 Ra6 31. Rd1 Qd6 32. Qxd6 Rxd6 33. Ra1 Ra6 34. Ra3 Kf8 35. Kf3 Ke7 36. Ke3 Kd6 37. Kd3 Kc5 38. Kc3 f5 39. f3 Ra8 40. Kb2 fxe4 41. fxe4 Kd4 42. d6 Kxe4 43. d7 Rd8 44. Rxa4+ Kf3 45. Ra7 e4 46. Kc2 e3 47. Kd1 Kf2 48. Ra6 0-1


[Site "https://www.chess.com"]

[Event "Titled Tuesday Blitz May 9 Late 2023"]
[White "Harshavardhan G B"]
[Black "Itkis, Boris"]
[WhiteFideId "25059009"]
[BlackFideId "1209167"]
[WhiteElo "2323"]
[BlackElo "2216"]
[Result "0-1"]
[Round "05"]
[TimeControl "180+2"]
[Date "2023.05.09"]
[WhiteClock "0:00:24"]
[BlackClock "0:00:10"]

1. d4 d5 2. c4 e6 3. Nc3 Nf6 4. cxd5 exd5 5. Bg5 c6 6. e3 Bd6 7. Bd3 O-O 8. Nge2 h6 9. Bh4 Re8 10. O-O Nbd7 11. h3 Be7 12. Rb1 Nf8 13. Qc2 a5 14. a3 Bd7 15. b4 axb4 16. axb4 b5 17. Nc1 Ne6 18. Bxf6 Bxf6 19. Nb3 Be7 20. Nc5 Bxc5 21. bxc5 Qc7 22. Ra1 Qb7 23. Ne2 Rxa1 24. Rxa1 Ra8 25. Qb2 Ra6 26. e4 dxe4 27. Bxe4 Qa7 28. Rxa6 Qxa6 29. Bf3 Qa4 30. Kh2 b4 31. Ng3 Qa3 32. Qb1 Nxd4 33. Bh5 Be6 34. Qe4 Qc3 35. Qf4 Qxc5 36. Qb8+ Qf8 37. Qb6 c5 38. Ne4 Nb3 39. Nd6 Kh7 40. Bd1 g6 41. f4 Qe7 42. Bxb3 Bxb3 43. Qxc5 Qe1 44. Qd4 Qc3 45. Qa7 Qf6 46. Qb8 Qxf4+ 47. Kh1 Bd5 48. Kg1 Qd4+ 49. Kf1 Qd3+ 50. Kf2 Qc2+ 51. Ke3 b3 52. Ne8 Qe4+ 53. Kd2 Qd4+ 54. Ke2 Bc4+ 55. Kf3 b2 56. Nd6 Qxd6 57. Qxd6 b1=Q 58. Qc5 Qf5+ 59. Qxf5 gxf5 60. Kf4 Be6 61. Ke5 Kg6 62. g3 Bc8 63. Kf4 f6 64. h4 Bb7 65. Ke3 Bc6 66. Kf4 Be4 67. Ke3 Kh5 68. Kf4 Bb1 69. Kf3 Bd3 70. Ke3 Bc2 71. Kf3 Kg6 72. Kf4 Be4 73. Ke3 Kf7 74. Kd4 Ke6 75. Ke3 Ke5 76. h5 f4+ 77. gxf4+ Kf5 78. Kf2 Kxf4 79. Kg1 Bf3 80. Kh2 Bxh5 81. Kh3 Bg6 82. Kh4 f5 83. Kh3 Bf7 84. Kh4 Be6 85. Kh3 Kg5 86. Kg2 h5 87. Kf3 f4 88. Kg2 Bd5+ 89. Kh2 Kg4 90. Kg1 h4 91. Kh2 h3 92. Kg1 Kg3 93. Kf1 h2 94. Ke2 h1=Q 95. Kd3 Qe4+ 96. Kc3 Qc4+ 97. Kb2 Qb3+ 98. Kc1 Be4 99. Kd2 Qc2+ 100. Ke1 Qc1+ 101. Ke2 f3# 0-1


[Site "https://www.chess.com"]

[Event "Titled Tuesday Blitz May 9 Late 2023"]
[White "Souza, Adwilhans Luciano"]
[Black "Timmermans, Mark"]
[WhiteFideId "2101793"]
[BlackFideId "1026399"]
[WhiteElo "2288"]
[BlackElo "2460"]
[Result "0-1"]
[Round "05"]
[TimeControl "180+2"]
[Date "2023.05.09"]
[WhiteClock "0:00:00"]
[BlackClock "0:01:00"]

1. e4 e5 2. Nf3 Nc6 3. Bb5 f5 4. Nc3 fxe4 5. Nxe4 d5 6. Nxe5 dxe4 7. Nxc6 Qg5 8. Qe2 Nf6 9. Ne5+ c6 10. f4 Qxf4 11. d4 Qh4+ 12. g3 Qh3 13. Bc4 Be6 14. Bg5 O-O-O 15. O-O-O Bd6 16. a4 Rhe8 17. Nf7 Rd7 18. Nxd6+ Rxd6 19. Bf4 Rd7 20. Bxe6 Qxe6 21. Kb1 Nd5 22. Be5 Qg6 23. Rhe1 e3 24. Qd3 Qxd3 25. Rxd3 b5 26. Kc1 Rf7 27. axb5 cxb5 28. Ra3 Kb7 29. Rb3 Kc6 30. Ra3 Kb6 31. Rb3 Rc8 32. Bd6 a6 33. Bc5+ Kc6 34. Ra3 Kb7 35. Rb3 Kc6 36. Ra3 Ra8 37. b3 b4 38. Ra5 Rb7 39. Kb2 Rb5 40. Raa1 a5 41. Re2 Rb7 42. Rf1 a4 43. bxa4 Rxa4 44. Rf5 Rb8 45. Rxd5 Kxd5 46. Rxe3 Rba8 47. Re5+ Kc4 48. Kc1 Ra1+ 49. Kd2 Rh1 50. Rh5 Ra2 0-1


[Site "https://www.chess.com"]

[Event "Titled Tuesday Blitz May 9 Late 2023"]
[White "Naroditsky, Daniel"]
[Black "Pavlidou, Ekaterini"]
[WhiteFideId "2026961"]
[BlackFideId "4213262"]
[WhiteElo "2633"]
[BlackElo "2126"]
[Result "1-0"]
[Round "05"]
[TimeControl "180+2"]
[Date "2023.05.09"]
[WhiteClock "0:01:25"]
[BlackClock "0:00:56"]

1. e4 c5 2. c3 d5 3. exd5 Qxd5 4. d4 Nc6 5. Nf3 Bg4 6. Nbd2 cxd4 7. Bc4 Qd7 8. Qb3 e6 9. Nxd4 Nxd4 10. cxd4 Ne7 11. Nf3 Bxf3 12. Qxf3 Nc6 13. O-O Nxd4 14. Qe4 Rc8 15. Bd3 Qd5 16. Qxd5 exd5 17. Be3 Bc5 18. Rac1 Ne6 19. b4 d4 20. Bd2 O-O 21. bxc5 Nxc5 22. Bf5 Rc6 23. Rfe1 g6 24. Bb1 Rfc8 25. h4 h5 26. Rc4 Ne6 27. Rb4 b6 28. Be4 Rc5 29. Bxg6 fxg6 30. Rxe6 1-0


[Site "https://www.chess.com"]

[Event "Titled Tuesday Blitz May 9 Late 2023"]
[White "Kim, Sergey"]
[Black "Kollars, Dmitrij"]
[WhiteFideId "13700570"]
[BlackFideId "12909572"]
[WhiteElo "2613"]
[BlackElo "2584"]
[Result "0-1"]
[Round "05"]
[TimeControl "180+2"]
[Date "2023.05.09"]
[WhiteClock "0:00:11"]
[BlackClock "0:01:35"]

1. d4 Nf6 2. c4 e6 3. Nc3 Bb4 4. Qc2 b6 5. a3 Bxc3+ 6. Qxc3 Bb7 7. Nf3 O-O 8. g3 d6 9. Bg2 Nbd7 10. O-O c5 11. dxc5 Nxc5 12. b4 Nce4 13. Qd4 Rc8 14. Bb2 e5 15. Qd3 Qe7 16. h3 h6 17. Rac1 Rc7 18. Nh4 Qe6 19. f4 Rfc8 20. Nf5 Qxf5 21. fxe5 Qg6 22. exf6 Nxg3 23. Qxg6 fxg6 24. Bxb7 Rxb7 25. Kg2 Nxf1 26. Kxf1 gxf6 27. Kg2 Kf7 28. e4 Re7 29. Rf1 Re6 30. Rf4 Rxc4 0-1


[Site "https://www.chess.com"]

[Event "Titled Tuesday Blitz May 9 Late 2023"]
[White "Bortnyk, Mykola"]
[Black "Ibadov, Dashgyn"]
[WhiteFideId "14120836"]
[BlackFideId "24107514"]
[WhiteElo "2582"]
[BlackElo "2208"]
[Result "1-0"]
[Round "05"]
[TimeControl "180+2"]
[Date "2023.05.09"]
[WhiteClock "0:00:39"]
[BlackClock "0:00:00"]

1. d4 d5 2. c4 e6 3. Nc3 c6 4. Bf4 dxc4 5. a4 Bb4 6. e3 b5 7. Qg4 Nf6 8. Qxg7 Rg8 9. Qh6 Rg6 10. Qh4 Qa5 11. Ne2 Nd5 12. Rc1 Qxa4 13. Qxh7 Qb3 14. Qh8+ Kd7 15. Qh7 Ke7 16. Qh4+ Ke8 17. Qh8+ Kd7 18. Qh7 Ke7 19. Qh4+ Rf6 20. Bg5 Qxb2 21. Bxf6+ Nxf6 22. e4 Bxc3+ 23. Rxc3 Qb1+ 24. Rc1 Qxe4 25. Qxe4 Nxe4 26. f3 Nd6 27. h4 Nd7 28. h5 Kf8 29. h6 Kg8 30. Nc3 a5 31. Be2 a4 32. Na2 c5 33. dxc5 Nxc5 34. Rd1 Ra6 35. h7+ Kh8 36. Nb4 Rb6 37. Kf2 Bb7 38. Rd4 f5 39. Rh6 Bd5 40. Kg1 a3 41. Bd1 1-0


[Site "https://www.chess.com"]

[Event "Titled Tuesday Blitz May 9 Late 2023"]
[White "ATM622"]
[Black "Demchenko, Anton"]
[BlackFideId "4160258"]
[WhiteElo "2581"]
[BlackElo "2545"]
[Result "1-0"]
[Round "05"]
[TimeControl "180+2"]
[Date "2023.05.09"]
[WhiteClock "0:00:04"]
[BlackClock "0:00:00"]

1. d4 d5 2. c4 e6 3. Nf3 h6 4. g3 Nf6 5. Bg2 Bd6 6. O-O O-O 7. Nbd2 b6 8. b3 Bb7 9. Bb2 Nbd7 10. Qc2 Re8 11. Ne5 c5 12. e3 Rc8 13. Rac1 cxd4 14. exd4 Qc7 15. Rfe1 dxc4 16. Bxb7 Qxb7 17. Ndxc4 Bb4 18. Bc3 Bf8 19. a4 Nd5 20. Bd2 N7f6 21. Qd3 Rc7 22. Qf3 Rec8 23. h4 Nb4 24. Qxb7 Rxb7 25. Bxb4 Bxb4 26. Red1 Rbc7 27. f3 Nd5 28. Kf2 Be7 29. f4 h5 30. Kf3 f6 31. Nd3 Kf7 32. Ne3 Rc3 33. Rxc3 Rxc3 34. Nxd5 exd5 35. Ke3 Ke6 36. Rb1 Kf5 37. Kd2 Rc7 38. b4 Kg4 39. Ke3 Bd6 40. Nf2+ Kf5 41. Nd3 Rc2 42. a5 Kg4 43. Nf2+ Kf5 44. Nd3 Rc7 45. axb6 axb6 46. b5 Kg4 47. Nf2+ Kxg3 48. Rg1+ Kxh4 49. Rh1+ Kg3 50. Rg1+ Kh2 51. Rg6 Rc3+ 52. Ke2 Bxf4 53. Nd3 Bg5 54. Ne1 1-0


[Site "https://www.chess.com"]

[Event "Titled Tuesday Blitz May 9 Late 2023"]
[White "Martinez Reyes, Pedro Ramon"]
[Black "Grigoriants, Sergey"]
[WhiteFideId "3901807"]
[BlackFideId "4130804"]
[WhiteElo "2340"]
[BlackElo "2502"]
[Result "0-1"]
[Round "05"]
[TimeControl "180+2"]
[Date "2023.05.09"]
[WhiteClock "0:00:11"]
[BlackClock "0:00:07"]

1. d4 Nf6 2. c4 g6 3. Nc3 d5 4. cxd5 Nxd5 5. Na4 Nb6 6. Nf3 Bg7 7. h4 O-O 8. h5 Nc6 9. hxg6 hxg6 10. e3 e5 11. Nxb6 axb6 12. d5 e4 13. dxc6 Qxd1+ 14. Kxd1 exf3 15. gxf3 bxc6 16. Kc2 Be6 17. a3 Ra5 18. Bd2 Rc5+ 19. Bc3 Ra8 20. Rh4 Bxc3 21. bxc3 Rca5 22. Kb2 c5 23. Be2 Kg7 24. Rhh1 c4 25. Bd1 Rd5 26. Bc2 Rd2 27. Rhf1 Bh3 28. Rad1 Rxc2+ 29. Kxc2 Bxf1 30. Rxf1 Rxa3 31. Kb2 Rb3+ 32. Kc2 b5 33. Ra1 c5 34. Ra5 Kf6 35. f4 g5 36. fxg5+ Kxg5 37. Ra7 f6 38. Rc7 f5 39. Rxc5 Kf6 40. f3 Ke6 41. e4 fxe4 42. fxe4 Kd6 43. Rc8 Ke5 44. Re8+ Kf4 45. e5 Kf5 46. e6 Kf6 47. e7 Kf7 48. Ra8 Kxe7 49. Ra6 Kd7 50. Kd2 Kc7 51. Kc2 Kb7 52. Rh6 Ra3 53. Kb2 Ra6 54. Rxa6 Kxa6 55. Ka2 Kb6 56. Kb2 Kc6 57. Ka2 Kd5 58. Ka3 Ke4 59. Ka2 Kd3 0-1


[Site "https://www.chess.com"]

[Event "Titled Tuesday Blitz May 9 Late 2023"]
[White "Pakleza, Zbigniew"]
[Black "Vlassov, Nikolai"]
[WhiteFideId "1119290"]
[BlackFideId "4103360"]
[WhiteElo "2410"]
[BlackElo "2324"]
[Result "1-0"]
[Round "05"]
[TimeControl "180+2"]
[Date "2023.05.09"]
[WhiteClock "0:00:04"]
[BlackClock "0:00:08"]

1. d4 Nf6 2. Nf3 e6 3. Bf4 c5 4. c3 b6 5. e3 Bb7 6. Nbd2 Be7 7. h3 d6 8. Bd3 Nbd7 9. Qe2 h6 10. e4 Qc7 11. Bh2 g5 12. a4 g4 13. hxg4 Nxg4 14. Bg3 h5 15. a5 bxa5 16. Nc4 cxd4 17. Nxd4 Nde5 18. Nb5 Qc5 19. Nxe5 Nxe5 20. Rxa5 Qb6 21. b4 Nxd3+ 22. Qxd3 h4 23. Bf4 e5 24. Be3 Qc6 25. f3 a6 26. Na7 Qd7 27. Kf2 h3 28. c4 f5 29. exf5 Kf7 30. b5 hxg2 31. Rxh8 Rxh8 32. Kxg2 axb5 33. cxb5 Kf6 34. Nc6 Bxc6 35. bxc6 Qxc6 36. Ra7 Qe8 37. Qe4 Qb5 38. Qg4 Qe2+ 39. Bf2 Rh2+ 40. Kxh2 Qxf2+ 41. Kh3 Qf1+ 42. Kh2 Qf2+ 43. Kh3 Qf1+ 44. Qg2 Qf2 45. Qg6# 1-0


[Site "https://www.chess.com"]

[Event "Titled Tuesday Blitz May 9 Late 2023"]
[White "Aydincelebi, Kagan"]
[Black "Haydon, David L"]
[WhiteFideId "6361102"]
[BlackFideId "415405"]
[WhiteElo "2180"]
[BlackElo "2326"]
[Result "0-1"]
[Round "05"]
[TimeControl "180+2"]
[Date "2023.05.09"]
[WhiteClock "0:00:19"]
[BlackClock "0:00:19"]

1. e4 c6 2. d4 d5 3. exd5 cxd5 4. Bd3 Nc6 5. c3 Nf6 6. Bf4 Bg4 7. Qb3 Qd7 8. Nd2 e6 9. h3 Bh5 10. Ngf3 Bd6 11. Bxd6 Qxd6 12. O-O O-O 13. Rfe1 Bxf3 14. Nxf3 Qc7 15. Ne5 Nxe5 16. Rxe5 Nd7 17. Re3 g6 18. h4 Rab8 19. h5 Nf6 20. h6 Ng4 21. Rh3 Qf4 22. Qc2 Nxh6 23. g3 Qg5 24. f4 Qg4 25. Qh2 Qf3 26. Rxh6 Qxd3 27. Rxh7 Qe3+ 28. Kf1 Qf3+ 29. Ke1 Qe3+ 30. Kd1 Qd3+ 31. Kc1 Rfc8 32. Rh8+ Kg7 33. Qh6+ Kf6 34. Qg5+ Kg7 35. Qh6+ Kf6 36. Qh4+ Kg7 37. Rh7+ Kg8 38. Qh6 Rxc3+ 39. bxc3 Qxc3+ 40. Kb1 Qb4+ 41. Kc2 Rc8+ 42. Kd1 Qxd4+ 43. Ke2 Qxa1 44. Kf3 Rc3+ 45. Kg4 Qd1+ 46. Kg5 Qd4 47. g4 Rf3 48. Qh2 Rxf4 49. Rh8+ Qxh8 50. Qxf4 f6+ 51. Kxg6 Qg7+ 52. Kh5 Qh7+ 0-1


[Site "https://www.chess.com"]

[Event "Titled Tuesday Blitz May 9 Late 2023"]
[White "Papasimakopoulos, Alexandros"]
[Black "Richter, Paul"]
[WhiteFideId "4244125"]
[BlackFideId "2046350"]
[WhiteElo "2359"]
[BlackElo "2556"]
[Result "1-0"]
[Round "05"]
[TimeControl "180+2"]
[Date "2023.05.09"]
[WhiteClock "0:00:13"]
[BlackClock "0:00:04"]

1. d4 Nf6 2. c4 g6 3. Nc3 Bg7 4. Bg5 O-O 5. e3 d6 6. Be2 Nbd7 7. Nf3 h6 8. Bh4 c6 9. O-O Qe8 10. Qc2 e5 11. dxe5 dxe5 12. Nd2 Qe6 13. b4 a5 14. a3 c5 15. b5 b6 16. Bf3 Rb8 17. Rad1 g5 18. Bg3 g4 19. Bc6 Bb7 20. Nd5 Nxd5 21. cxd5 Qe7 22. e4 Bc8 23. Nc4 h5 24. d6 Qg5 25. Qd2 Qg6 26. Rfe1 Rd8 27. Bxd7 Bxd7 28. a4 Re8 29. Qd3 Re6 30. Ne3 Ree8 31. Nf5 Bf8 32. Bh4 f6 33. Qd5+ Kh7 34. Ne7 Qh6 35. Nc6 Rbc8 36. Rd3 Bg7 37. Qf7 Be6 38. Qb7 Rb8 39. Nxb8 Bc4 40. Rdd1 f5 41. d7 Rf8 42. d8=Q Rxd8 43. Bxd8 fxe4 44. Rd7 e3 45. Rxg7+ Qxg7 46. Qxg7+ Kxg7 47. Rxe3 Bb3 48. Bxb6 Bxa4 49. Bxc5 Bxb5 50. Rxe5 a4 51. Bd4 1-0


[Site "https://www.chess.com"]

[Event "Titled Tuesday Blitz May 9 Late 2023"]
[White "Tologon tegin, Semetei"]
[Black "Gritsenko, Nikolai"]
[WhiteFideId "13800574"]
[BlackFideId "14112493"]
[WhiteElo "2247"]
[BlackElo "2389"]
[Result "1-0"]
[Round "05"]
[TimeControl "180+2"]
[Date "2023.05.09"]
[WhiteClock "0:00:18"]
[BlackClock "0:00:09"]

1. Nf3 c5 2. e3 Nf6 3. d4 e6 4. Bd3 b6 5. O-O Bb7 6. c4 cxd4 7. exd4 d6 8. Nc3 Be7 9. Re1 O-O 10. h3 Re8 11. Bf4 a6 12. Bc2 Nbd7 13. Qd3 Nf8 14. Rad1 d5 15. b3 Rc8 16. Ne5 Ng6 17. Nxg6 hxg6 18. Be5 dxc4 19. bxc4 Bb4 20. Re3 Bxc3 21. Qxc3 Nd5 22. Qd3 Nxe3 23. fxe3 Qg5 24. Rd2 Red8 25. Qe2 Qe7 26. Kh2 Rd7 27. Bd3 Bc6 28. Rb2 Rb7 29. Qg4 Qa3 30. Qe2 Rd8 31. Rb3 Qa4 32. Qb2 b5 33. c5 Bd5 34. Ra3 Qd1 35. Be2 Qe1 36. Bg3 Qxe2 37. Qxe2 Ra8 38. Ra5 Bc6 39. Bd6 Kh7 40. e4 b4 41. Qd3 Bb5 42. Qd2 Bc6 43. d5 Bb5 44. c6 Rb6 45. Bc5 Rbb8 46. c7 Rc8 47. d6 Bd7 48. e5 b3 49. axb3 Bb5 50. b4 Bd7 51. Bb6 Bb5 52. Rxb5 axb5 53. d7 1-0


[Site "https://www.chess.com"]

[Event "Titled Tuesday Blitz May 9 Late 2023"]
[White "Bjelobrk, Igor"]
[Black "Ozates, Tuna"]
[WhiteFideId "4300726"]
[BlackFideId "6354521"]
[WhiteElo "2319"]
[BlackElo "2151"]
[Result "1-0"]
[Round "05"]
[TimeControl "180+2"]
[Date "2023.05.09"]
[WhiteClock "0:00:05"]
[BlackClock "0:00:05"]

1. d4 Nf6 2. c4 e6 3. g3 d5 4. Nf3 dxc4 5. Bg2 c5 6. O-O Nc6 7. dxc5 Qxd1 8. Rxd1 Bxc5 9. Nbd2 c3 10. bxc3 O-O 11. Nb3 Be7 12. c4 Bd7 13. Bb2 Rfd8 14. c5 Be8 15. Nfd2 Rac8 16. Nc4 Rxd1+ 17. Rxd1 Rd8 18. Rxd8 Nxd8 19. Nd6 Bxd6 20. cxd6 Bc6 21. f3 Kf8 22. e4 b6 23. Bf1 Nd7 24. Nd4 e5 25. Nxc6 Nxc6 26. Bb5 Ncb8 27. Kf2 f6 28. f4 a6 29. Bc4 b5 30. Bd5 exf4 31. gxf4 Nb6 32. Be6 Nc6 33. e5 fxe5 34. fxe5 Ke8 35. Kf3 Nd7 36. Kf4 Nc5 37. Bf5 g6 38. Bb1 Nb4 39. Ba3 a5 40. Bxb4 axb4 41. Kg5 Kd7 42. Kf6 Ne6 43. Be4 Nd4 44. Bd5 Kd8 45. e6 Nf5 46. e7+ 1-0


[Site "https://www.chess.com"]

[Event "Titled Tuesday Blitz May 9 Late 2023"]
[White "Guz, Ari"]
[Black "Subelj, Jan"]
[WhiteFideId "2825759"]
[BlackFideId "14618583"]
[WhiteElo "2205"]
[BlackElo "2474"]
[Result "1/2-1/2"]
[Round "05"]
[TimeControl "180+2"]
[Date "2023.05.09"]
[WhiteClock "0:00:06"]
[BlackClock "0:00:15"]

1. b3 e5 2. Bb2 d6 3. e3 Nf6 4. d4 Nbd7 5. Nf3 e4 6. Nfd2 d5 7. c4 c6 8. Nc3 Bd6 9. Be2 O-O 10. O-O a6 11. f3 exf3 12. Bxf3 Re8 13. cxd5 cxd5 14. Nxd5 Nxd5 15. Bxd5 Nf6 16. Bf3 Rxe3 17. Nc4 Re8 18. Nxd6 Qxd6 19. Re1 Rxe1+ 20. Qxe1 Bg4 21. Bxb7 Rb8 22. Qe5 Qd8 23. Bc6 Rb6 24. d5 Rb4 25. Re1 h5 26. Qg5 Qb6+ 27. Kh1 Qf2 28. Qe3 Rf4 29. Qxf2 Rxf2 30. Bxf6 gxf6 31. h3 Bf5 32. a4 Kg7 33. b4 Rb2 34. b5 axb5 35. axb5 Bd3 36. Rd1 Bxb5 37. Bxb5 Rxb5 38. d6 Rb8 39. d7 Rd8 40. Kh2 Kg6 41. Kg3 Kf5 42. Kh4 Kg6 43. Rd5 f5 44. Rd6+ f6 45. Kg3 Kg5 46. h4+ Kh6 47. Kf4 Kg6 48. g3 Kf7 49. Kxf5 Ke7 50. Rd3 Kf7 51. Rd5 Ke7 52. Kg6 Ke6 53. Rd3 Ke5 54. Kxh5 Ke4 55. Rd1 Kf5 56. g4+ Kf4 57. g5 fxg5 58. hxg5 Kf5 59. Rf1+ Ke6 60. g6 Rxd7 61. Kh6 Rd2 62. g7 Rh2+ 63. Kg6 Rg2+ 64. Kh7 Rh2+ 65. Kg8 Ke7 66. Rf4 Rg2 67. Kh7 Rh2+ 68. Kg6 Rg2+ 69. Kh7 Rh2+ 70. Kg8 Rg2 71. Rf1 Rh2 72. Re1+ Kd6 73. Re4 Kd5 74. Re3 Kd6 75. Re1 Rh3 76. Rg1 Ke7 77. Re1+ Kd6 78. Kf8 Rf3+ 79. Kg8 Rh3 1/2-1/2


[Site "https://www.chess.com"]

[Event "Titled Tuesday Blitz May 9 Late 2023"]
[White "Manukyan, Sargis A."]
[Black "Santos Flores, Alberto"]
[WhiteFideId "13303970"]
[BlackFideId "3601234"]
[WhiteElo "2187"]
[BlackElo "2235"]
[Result "1-0"]
[Round "05"]
[TimeControl "180+2"]
[Date "2023.05.09"]
[WhiteClock "0:00:28"]
[BlackClock "0:00:24"]

1. d4 d5 2. c4 c6 3. Nc3 Nf6 4. e3 a6 5. Nf3 Bf5 6. Bd3 Bxd3 7. Qxd3 e6 8. O-O Nbd7 9. e4 dxe4 10. Nxe4 Be7 11. b3 O-O 12. Bb2 b5 13. Rad1 Qa5 14. Nxf6+ Bxf6 15. a3 bxc4 16. Qxc4 Qb5 17. Rc1 Rfc8 18. Ne5 Bxe5 19. dxe5 Nb6 20. Qc2 a5 21. a4 Qa6 22. Rfd1 Nd5 23. Rd4 Rab8 24. Rc4 h6 25. g3 Qb7 26. Bc3 Qxb3 27. Qxb3 Rxb3 28. Bxa5 Ra3 29. Be1 Nb6 30. Rxc6 Rxc6 31. Rxc6 Nxa4 32. Ra6 Ra2 33. Kf1 Nc3 34. Rxa2 Nxa2 35. Bd2 g5 36. Ke2 Kg7 37. Ke3 Kg6 38. g4 h5 39. h3 hxg4 40. hxg4 f5 41. f3 fxg4 42. fxg4 Kf7 43. Kd3 Ke8 44. Kc2 Kd7 45. Kb2 Kc6 46. Kxa2 Kd5 47. Bxg5 Kxe5 48. Bc1 Ke4 49. Kb3 Kd4 50. Kc2 e5 51. Kd1 e4 52. Ke2 1-0


[Site "https://www.chess.com"]

[Event "Titled Tuesday Blitz May 9 Late 2023"]
[White "Tworuszka, Michal"]
[Black "Omranalhosani21"]
[WhiteFideId "1117858"]
[WhiteElo "2432"]
[BlackElo "2614"]
[Result "0-1"]
[Round "05"]
[TimeControl "180+2"]
[Date "2023.05.09"]
[WhiteClock "0:00:51"]
[BlackClock "0:00:07"]

1. d4 d5 2. c4 dxc4 3. Nf3 e6 4. e3 Nf6 5. Bxc4 c5 6. O-O a6 7. b3 cxd4 8. Nxd4 Be7 9. Bb2 b5 10. Be2 Bb7 11. a4 bxa4 12. Rxa4 O-O 13. Nd2 Nbd7 14. Qa1 Nc5 15. Ra5 h6 16. Bf3 Qb6 17. Nc4 Qa7 18. Nb5 Nxb3 19. Qa2 Qb8 20. Be5 Qd8 21. Bxb7 Nxa5 22. Bc7 Qd3 23. Nxa5 Qxb5 24. Bxa8 Rxa8 25. Rb1 Qd5 26. Qa1 Rc8 27. Be5 Rc5 28. Nb3 Qxe5 29. Qxa6 Rd5 30. Nd4 Bd6 31. h3 Qh2+ 32. Kf1 Qh1+ 33. Ke2 Qxb1 0-1


[Site "https://www.chess.com"]